Map: 2000 Atmospheres LE

Players

LiquidMaNa (MaNa)

  • Race: Protoss Protoss
  • League: Grandmaster

Lambo - Winner!

  • Race: Zerg Zerg
  • League: Grandmaster

Event: DreamHack SC2 Masters 2021 Summer

VOD

Have the link to the VOD?

Description

Time

  • Played on: May 29, 2021, 1:28 p.m.
  • Length: 14:07

All games in this series

Show
View Real Time Build Order
Export as new Build Order

LiquidMaNa Protoss 

Build Orders: 1 Gate Expand, Oracle Opening, Carriers 

Get SALT Encoding   

  12  0:01  Probe  
  13  0:14  Probe  
  14  0:20  Pylon  
  14  0:26  Probe  
  15  0:38  Probe (Chrono Boost)  
  15  0:40  Gateway  
  16  0:47  Probe (Chrono Boost)  
  17  0:51  Assimilator  
  17  0:53  Probe (Chrono Boost)  
  18  1:05  Probe  
  19  1:17  Probe  
  20  1:29  Nexus  
  20  1:39  Cybernetics Core  
  20  1:42  Probe  
  21  1:49  Assimilator  
  21  1:54  Probe  
  21  2:00  Pylon  
  22  2:06  Probe  
  23  2:16  Adept (Chrono Boost)  
  23  2:18  Stargate  
  23  2:21  Probe  
  26  2:33  Probe, Warp Gate  
  27  2:37  Stalker (Chrono Boost)  
  27  2:41  Probe  
  30  2:45  Probe  
  31  2:53  Probe  
  31  2:57  Probe  
  33  3:01  Oracle (Chrono Boost)  
  37  3:05  Probe  
  37  3:09  Probe  
  38  3:17  Probe  
  39  3:21  Probe  
  39  3:22  Pylon  
  40  3:29  Oracle (Chrono Boost)  
  40  3:31  Gateway  
  40  3:33  Probe x2  
  45  3:45  Probe  
  45  3:46  Probe  
  45  3:47  Assimilator  
  47  3:49  Pylon, Assimilator  
  47  3:58  Probe x2  
  47  4:01  Oracle  
  52  4:10  Probe x2  
  52  4:15  Pylon  
  54  4:21  Adept  
  54  4:22  Probe x2  
  58  4:29  Adept  
  60  4:34  Probe x2  
  62  4:42  Robotics Facility  
  62  4:46  Probe x2  
  62  4:50  Nexus  
  62  4:51  Pylon  
  62  4:52  Adept x2  
  68  4:58  Probe  
  69  5:00  Probe  
  70  5:08  Stargate, Forge  
  70  5:10  Probe  
  70  5:12  Probe  
  72  5:18  Fleet Beacon  
  72  5:22  Probe  
  72  5:24  Probe  
  74  5:30  Observer  
  74  5:32  Robotics Bay  
  74  5:34  Probe, Assimilator  
  76  5:38  Assimilator  
  76  5:39  Probe  
  76  5:41  Shield Battery  
  77  5:47  Pylon  
  77  6:04  Probe  
  77  6:05  Probe, Carrier (Chrono Boost)  
  82  6:12  Probe  
  82  6:13  Disruptor  
  82  6:15  Carrier (Chrono Boost)  
  82  6:17  Probe  
  84  6:21  Probe  
  84  6:24  Probe  
  84  6:25  Zealot x2  
  93  6:39  Probe x2  
  91  6:40  Shield Battery  
  91  6:45  Disruptor  
  91  6:46  Pylon  
  91  6:48  Probe, Photon Cannon  
  95  7:02  Probe x2  
  95  7:05  Protoss Air Weapons Level 1 (Chrono Boost)  
  104  7:09  Carrier (Chrono Boost)  
  104  7:11  Carrier (Chrono Boost)  
  109  7:17  Pylon  
  109  7:18  Pylon  
  109  7:21  Flux Vanes  
  109  7:28  Stargate  
  109  7:31  Pylon  
  109  7:35  Probe x2  
  111  7:44  Twilight Council  
  111  7:55  Void Ray x2 (Chrono Boost)  
  119  8:12  Probe x2  
  121  8:13  Probe  
  121  8:16  Void Ray (Chrono Boost)  
  123  8:29  Void Ray x2 (Chrono Boost)  
  123  8:30  Nexus  
  123  8:32  Pylon  
  131  8:44  Shield Battery  
  131  8:46  Pylon, Void Ray (Chrono Boost)  
  131  8:52  Nexus  
  131  8:54  Photon Cannon  
  135  8:56  Photon Cannon  
  135  8:58  Shield Battery  
  135  8:59  Void Ray x2  
  135  9:06  Zealot x2  
  135  9:08  Observer  
  147  9:16  Nexus  
  147  9:20  Photon Cannon  
  147  9:23  Charge  
  147  9:30  Protoss Ground Weapons Level 1 (Chrono Boost)  
  147  9:34  Protoss Air Weapons Level 2 (Chrono Boost)  
  147  9:36  Photon Cannon  
  147  9:38  Gateway  
  147  9:41  Assimilator  
  147  9:45  Templar Archives, Assimilator  
  147  9:51  Gateway  
  147  9:53  Pylon x2  
  147  9:55  Pylon  
  147  9:59  Pylon  
  147  10:12  Gateway  
  147  10:13  Probe x2, Gateway  
  149  10:26  Warp Prism  
  149  10:37  Probe x4  
  149  10:38  Psionic Storm  
  149  10:40  High Templar x3  
  158  10:47  High Templar  
  158  11:01  Archon  
  142  11:14  High Templar x2  
  142  11:15  High Templar x3  
  152  11:19  Archon x2  
  142  11:30  Void Ray x3  
  146  11:46  Photon Cannon  
  146  11:49  Photon Cannon  
  146  11:51  High Templar  
  148  11:59  Gateway  
  148  12:00  Gateway, Immortal  
  148  12:01  Gateway  
  152  12:02  High Templar  
  152  12:04  Zealot x4  
  152  12:05  Nexus  
  152  12:07  Pylon  
  160  12:11  Carrier (Chrono Boost)  
  160  12:13  Probe  
  160  12:15  Probe x3  
  150  12:25  Probe, High Templar x2  
  150  12:27  Probe x2, Carrier (Chrono Boost)  
  148  12:36  Archon  
  154  12:40  Immortal  
  137  12:45  Probe x4  
  141  12:55  Carrier (Chrono Boost)  
  141  12:57  Probe x2  
  149  13:05  High Templar x2  
  149  13:09  Void Ray (Chrono Boost)  
  149  13:10  Archon  
  149  13:12  Immortal  
  161  13:20  Nexus  
  161  13:23  High Templar  
  161  13:24  High Templar  
  165  13:28  Pylon  
  165  13:29  Zealot  
  165  13:30  Zealot  
  165  13:33  Zealot  
  171  13:37  Zealot  
  174  13:45  Zealot  
  174  13:55  Archon  
Show
View Real Time Build Order
Export as new Build Order

Lambo Zerg - Winner!

Build Orders: Hatch First 

Get SALT Encoding   

  12  0:00  Drone  
  13  0:12  Overlord  
  13  0:17  Drone  
  14  0:31  Drone x2  
  16  0:43  Drone  
  17  0:52  Hatchery  
  17  0:55  Drone  
  17  0:59  Drone  
  18  1:09  Extractor  
  17  1:13  Spawning Pool  
  17  1:16  Drone  
  17  1:20  Drone  
  18  1:28  Drone  
  19  1:40  Drone  
  20  1:52  Overlord  
  20  2:00  Queen  
  22  2:03  Queen  
  22  2:04  Drone, Zergling x2  
  26  2:10  Metabolic Boost  
  26  2:11  Zergling x2  
  26  2:14  Drone  
  28  2:21  Drone  
  29  2:27  Drone  
  30  2:36  Hatchery  
  29  2:38  Drone  
  29  2:42  Drone  
  31  2:47  Overlord  
  31  2:48  Drone  
  32  2:53  Queen  
  34  3:04  Drone x2  
  34  3:05  Queen  
  36  3:07  Overlord  
  36  3:11  Drone x2  
  40  3:15  Zergling x2  
  40  3:17  Drone x2  
  40  3:19  Drone  
  43  3:26  Overlord  
  43  3:27  Drone x2  
  43  3:31  Drone  
  46  3:34  Drone  
  46  3:40  Queen  
  49  3:44  Drone x2  
  49  3:48  Drone  
  52  3:49  Roach Warren  
  52  3:50  Drone x2  
  52  3:53  Queen  
  53  4:03  Drone x4  
  53  4:06  Drone  
  53  4:07  Spore Crawler  
  56  4:12  Drone x2  
  58  4:19  Zergling x4, Overlord  
  58  4:20  Zergling x2  
  58  4:21  Drone  
  62  4:26  Evolution Chamber  
  62  4:28  Evolution Chamber  
  57  4:31  Drone x4  
  57  4:36  Drone x2  
  65  4:41  Drone  
  65  4:44  Spore Crawler  
  65  4:45  Drone  
  65  4:46  Drone x3  
  65  4:48  Drone x4  
  65  4:52  Roach Warren  
  72  4:53  Drone  
  72  4:58  Extractor x2  
  72  4:59  Drone x2  
  73  5:01  Lair  
  73  5:03  Zergling x2  
  74  5:08  Overlord  
  74  5:09  Overlord  
  74  5:12  Extractor  
  74  5:13  Zergling x2  
  74  5:15  Overlord  
  74  5:18  Overlord  
  74  5:19  Overlord  
  74  5:23  Spore Crawler  
  74  5:25  Queen  
  74  5:29  Drone x7  
  74  5:35  Zergling x8  
  85  5:37  Drone  
  85  5:39  Drone  
  85  5:42  Extractor  
  85  5:43  Zergling x4  
  85  5:44  Overlord  
  85  5:45  Roach  
  85  5:48  Overlord  
  89  5:50  Overlord  
  89  5:56  Drone  
  89  5:57  Drone x2  
  90  6:07  Queen x2, Roach x2  
  96  6:12  Drone x2  
  96  6:13  Spire  
  96  6:14  Drone  
  96  6:18  Extractor  
  95  6:20  Glial Reconstitution  
  95  6:23  Drone x5  
  98  6:27  Drone x4  
  96  6:40  Hatchery  
  96  6:41  Overseer  
  96  6:42  Drone x3  
  96  6:47  Zergling x12  
  99  6:52  Evolution Chamber  
  99  6:53  Drone x2  
  104  6:57  Overseer  
  103  7:02  Drone x8  
  103  7:03  Drone  
  112  7:11  Zergling x4  
  114  7:18  Zerg Melee Weapons Level 1  
  114  7:26  Drone x5  
  114  7:28  Infestation Pit  
  118  7:30  Overlord  
  118  7:34  Corruptor x6  
  128  7:39  Corruptor  
  128  7:43  Drone x4  
  128  7:44  Extractor  
  133  7:46  Extractor  
  133  7:47  Corruptor  
  133  7:50  Zerg Flyer Armor Level 1  
  133  7:53  Corruptor x2  
  131  8:00  Corruptor x2  
  134  8:08  Corruptor  
  134  8:09  Corruptor  
  138  8:13  Drone x6  
  144  8:21  Hive  
  144  8:30  Overlord x2  
  144  8:34  Spire  
  144  8:35  Hatchery  
  144  8:37  Overlord  
  144  8:40  Overlord  
  142  8:41  Overlord  
  142  8:42  Overlord  
  142  8:43  Corruptor  
  142  8:47  Overlord  
  143  8:49  Corruptor x2  
  143  8:52  Drone  
  143  8:53  Drone x2  
  147  8:56  Corruptor x2  
  147  9:02  Corruptor x2  
  151  9:08  Corruptor x2  
  157  9:12  Drone x2  
  157  9:15  Zergling x12  
  162  9:17  Zerg Melee Weapons Level 2  
  162  9:21  Drone x3  
  162  9:23  Evolution Chamber  
  164  9:26  Drone x4  
  164  9:28  Zergling x6  
  164  9:31  Drone x2  
  173  9:32  Drone  
  173  9:33  Viper  
  173  9:35  Viper  
  180  9:39  Viper  
  180  9:42  Overseer  
  180  9:45  Drone, Zerg Flyer Weapons Level 1  
  184  9:46  Extractor  
  184  9:47  Extractor, Spore Crawler  
  184  9:48  Corruptor  
  183  9:55  Drone x3  
  183  9:56  Drone x2  
  188  10:02  Ultralisk Cavern  
  188  10:03  Zerg Ground Armor Level 1  
  188  10:05  Hatchery  
  188  10:06  Overseer  
  186  10:14  Adrenal Glands  
  186  10:18  Zergling x28  
  200  10:33  Zerg Flyer Armor Level 2  
  192  11:01  Zergling x22  
  176  11:12  Corruptor x7  
  176  11:15  Zergling x16  
  198  11:23  Viper  
  195  11:32  Queen x2  
  191  11:34  Zergling x18  
  191  11:35  Overlord, Chitinous Plating  
  191  11:37  Overlord  
  186  11:41  Overlord x4  
  186  11:43  Overseer  
  186  11:45  Overseer  
  186  11:47  Overlord  
  186  11:49  Ultralisk  
  192  12:00  Ultralisk, Overlord  
  198  12:03  Pneumatized Carapace, Overseer  
  190  12:18  Ultralisk x2  
  177  12:44  Ultralisk x3  
  195  12:53  Queen x2  
  195  12:54  Anabolic Synthesis  
  199  13:03  Pathogen Glands  
  199  13:08  Spine Crawler  
  198  13:14  Overlord  
  198  13:15  Zergling x4  
  200  13:21  Overseer  
  200  13:33  Extractor  
  199  13:34  Extractor  
  198  13:42  Hatchery  
  198  13:46  Unknown  
Tags
 
Add a new tag
Caveats
  • Supply blocks, unpowered buildings, or Contaminate may cause inaccurate times.
  • Supply counts are checked every 10 seconds.